 Dungeon Crawl Stone Soup version 0.30-a0-728-gc68057be0a (webtiles) character file.

Game seed: 2775907859879085173

48 tilp the Covered (level 4, 0/38 HPs)
             Began as a Meteoran Fighter on Jan 30, 2023.
             Slain by an orc wizard
             ... wielding a +0 dagger
              (3 damage)
             ... on level 3 of the Dungeon.
             The game lasted 00:04:42 (945 turns).

tilp the Covered (Meteoran Fighter)                  Turns: 945, Time: 00:04:43

Health: 0/38       AC:  8    Str: 17    XL:     4   Next: 18%
Magic:  5/5        EV:  9    Int: 10    God:
Gold:   66         SH:  5    Dex: 15    Spells: 3/3 levels left

rFire   . . .      SeeInvis .    a - +0 long sword
rCold   . . .      Faith    .    c - +0 buckler
rNeg    . . .      Spirit   .    t - +0 scale mail
rPois   .          Reflect  .    (no helmet)
rElec   .          Harm     .    h - +0 cloak
rCorr   .          Rampage  .    (no gloves)
Will    .....                    (no boots) Stlth
                                 (no amulet)
HPRegen 0.26/turn                (no ring)
MPRegen 0.09/turn                (no ring)

@: glowing
A: sense surroundings 1, otherworldly, glowing, explore regen
a: no special abilities


You were on level 3 of the Dungeon.
You visited 1 branch of the dungeon, and saw 3 of its levels.

You collected 162 gold pieces.
You spent 96 gold pieces at shops.

Inventory:

Hand Weapons
 a - a +0 long sword (weapon)
 b - a +0 rapier
Missiles
 g - 10 stones (quivered)
Armour
 c - a +0 buckler (worn)
 h - a +0 cloak (worn)
 t - a +0 scale mail (worn)
 u - a scarf of repulsion
Wands
 o - a wand of flame (9)
Scrolls
 j - 2 scrolls of teleportation
 k - a scroll of magic mapping
 s - a scroll of blinking
 w - a scroll of identify {unknown}
Potions
 d - a potion of might
 e - 3 potions of curing {unknown}
 f - 3 potions of mutation {unknown}
 i - a potion of resistance {unknown}
 l - 2 potions of lignification {unknown}
 m - 2 potions of degeneration {unknown}
 r - 2 potions of invisibility {unknown}
 v - a potion of cancellation {unknown}


   Skills:
 + Level 3.5 Fighting
 + Level 2.7 Long Blades
 + Level 0.5 Throwing
 - Level 4.0 Armour
 * Level 1.9 Dodging
 + Level 0.5 Stealth
 + Level 3.9 Shields
 + Level 0.2 Evocations


You had 3 spell levels left.
You didn't know any spells.
Your spell library was empty.

Dungeon Overview and Level Annotations

Branches:
Dungeon (3/15) Zot: 826

Altars:
Sif Muna

Shops:
D:1 (   D:2 *


Innate Abilities, Weirdness & Mutations

You passively map a small area around you.
You are easily found by Zot.
You glow in the dark.
You regain HP and MP as you explore.


Message History

The orc wizard flickers and vanishes!
Deactivating autopickup; reactivate with Ctrl-A.
Something hits you but does no damage. The orc hits you but does no damage.
You miss something.
You hear some strange, mumbled words.
Something tries to affect you, but you resist.
The orc hits you with a +0 mace.
You closely miss something. Something hits you.
The orc hits you but does no damage. Something hits you but does no damage.
You closely miss something. Something hits you. You block the orc's attack.
The orc closely misses you.
You closely miss something. The orc hits you but does no damage.
You hear some strange, mumbled words.
You are confused.
The orc hits you with a +0 mace.
You hit something. The orc barely misses you.
Something hits you but does no damage. The orc barely misses you.
Something hits you but does no damage. The orc hits you but does no damage. x2
You miss something. The orc hits you with a +0 mace.
Something hits you but does no damage. The orc completely misses you.
You bump into the rock wall.
Something hits you but does no damage. The orc closely misses you.
The orc hits you with a +0 mace.
You bump into the rock wall.
The orc hits you but does no damage. Something hits you but does no damage.
The orc hits you with a +0 mace.
You miss something.
You hear some strange, mumbled words.
A puff of flame appears from out of thin air!
The puff of flame hits you. The orc completely misses you.
The orc hits you but does no damage.
You closely miss something.
You feel less confused. The orc hits you with a +0 mace. Something hits you.
* * * LOW HITPOINT WARNING * * *
The orc hits you with a +0 mace.
* * * LOW HITPOINT WARNING * * *
The orc attacks as you move away! The orc hits you with a +0 mace!
* * * LOW HITPOINT WARNING * * *
The orc hits you but does no damage. Something hits you.
You die...

, ### ** * , #.#..
#.#.# ##* * *
*#.#.#.., , ,
,##.#.#.## ** ,,
.......,, , *#.#o#.#
** , * * *
#.#.#.##### , * **
#.@o......# , , ,
..##..o#._.#.### ,
.................
..........#..### **
##.##.......####### *
, ........#.##.......
, , *
###.##.#.#.##.....###
* , ,
#................. ,
* .####.#.##.....# *
##


You could see 3 orcs.

Vanquished Creatures
  2 worms (D:3)
  3 dart slugs (D:1)
  5 endoplasms
  A giant cockroach (D:1)
  2 goblins
  2 hobgoblins (D:1)
  2 jackals (D:1)
  3 kobolds
  3 quokkas
  4 ball pythons (D:2)
  2 bats (D:2)
  A frilled lizard (D:1)
  2 rats
32 creatures vanquished.

Notes
Turn   | Place    | Note
-------+----------+-------------------------------------------
     0 | D:1      | tilp the Meteoran Fighter began the quest for the Orb.
     0 | D:1      | Reached XP level 1. HP: 19/19 MP: 2/2
    21 | D:1      | Found Vayss's Antique Weapon Emporium.
    79 | D:1      | Reached XP level 2. HP: 24/26 MP: 3/3
   148 | D:1      | Reached skill level 1 in Dodging
   180 | D:1      | Reached XP level 3. HP: 31/31 MP: 4/4
   488 | D:2      | Found Jurunn's Assorted Antiques.
   499 | D:2      | Bought a red potion for 18 gold pieces
   499 | D:2      | Bought a scroll labelled XUSULL WUIBRA for 20 gold pieces
   499 | D:2      | Bought a scroll labelled MYG XAOSO RAA for 20 gold pieces
   499 | D:2      | Bought a bubbling silvery potion for 18 gold pieces
   499 | D:2      | Bought a scroll labelled YSUOHU ZUDIKU for 20 gold pieces
   796 | D:2      | Reached XP level 4. HP: 36/38 MP: 5/5
   908 | D:3      | Found a shimmering blue altar of Sif Muna.
   923 | D:3      | Reached skill level 4 in Armour
   945 | D:3      | Slain by an orc wizard

Illustrated notes

Levels and vault maps discovered:
D:1:      erik_arrival_orb_chamber, layout_basic, serial_shops,
          nicolae_shop_temple_entry_statues_fountains, minmay_pentomino_x2
D:2:      layout_basic, serial_shops, nicolae_shop_statue_plus, uniq_jessica,
          uniq_natasha
D:3:      layout_basic, mainiacjoe_overflow_tiny_flanked,
          amethyst_overflow_temple_binary

Skill      XL: |  1  2  3  4 |
---------------+-------------+-----
Dodging        | 1 |  1.9
Armour         | 4 |  4.0
Fighting       | |  3.5
Long Blades    | |  2.7
Throwing       | |  0.5
Stealth        | |  0.5
Shields        | |  3.9
Evocations     | |  0.2

Action                     |  1- 3 |  4- 6 || total
---------------------------+-------+-------++-------
  Melee: Long sword        |    63 |    26 ||    89
  Throw: Stone             |     1 |       ||     1
    Use: Scroll            |       |     6 ||     6
 Armour: Scale mail        |    23 |    21 ||    44
  Dodge: Dodged            |    22 |    15 ||    37
  Block: Buckler           |    14 |     8 ||    22

Table legend: (Time is in decaauts)
 A = Elapsed time spent in this place.
 B = Non-inter-level travel time spent in this place.
 C = Inter-level travel time spent in this place.
 D = Time resting spent in this place.
 E = Time spent auto-exploring this place.
 F = Levels seen in this place.
 G = Mean time per level.
                   A        B        C        D        E       F      G
               +--------+--------+--------+--------+--------+-----+--------+
         Total |    973 |    917 |     56 |      0 |      0 |   3 |  324.3 |
       Dungeon |    973 |    917 |     56 |      0 |      0 |   3 |  324.3 |
               +--------+--------+--------+--------+--------+-----+--------+

Top non-repeatable levels by time:
     D:1: 443 daAuts
     D:2: 434 daAuts
     D:3: 95 daAuts
